 Dungeon Crawl Stone Soup version 0.21.0-30-g47ce8e4 (webtiles) character file.

1 Monsterracer the Grave Robber (level 1, -1/10 HPs)
             Began as a Deep Elf Necromancer on Jan 28, 2018.
             Slain by a jackal (3 damage)
             ... on level 1 of the Dungeon.
             The game lasted 00:00:14 (47 turns).

Monsterracer the Grave Robber (Deep Elf Necromancer)  Turns: 47, Time: 00:00:15

Health: -1/10      AC:  2    Str:  5    XL:     1   Next: 16%
Magic:  0/6        EV: 13    Int: 19    God:
Gold:   0          SH:  0    Dex: 15    Spells: 5/6 levels left

rFire    . . .     SeeInvis .   (no weapon)
rCold    . . .     Gourm    .   (no shield)
rNeg     . . .     Faith    .   a - +0 robe
rPois    .         Spirit   .   (no helmet)
rElec    .         Reflect  .   (no cloak)
rCorr    .         Harm     .   (no gloves)
MR       .....                  (no boots)
Stlth    ++........             (no amulet)
HPRegen  0.03/turn              (no ring)
MPRegen  0.10/turn              (no ring)

@: no status effects
A: no striking features
a: no special abilities


You were on level 1 of the Dungeon.
You were not hungry.

You visited 1 branch of the dungeon, and saw 1 of its levels.

Inventory:

Armour
 a - a +0 robe (worn)
Books
 b - a book of Necromancy

   Spells                             Type                      Level
   a - Pain                           Necromancy                   1
   b - Animate Skeleton               Necromancy                   1
   c - Vampiric Draining              Necromancy                   3
   d - Regeneration                   Charms/Necromancy            3
   e - Animate Dead                   Necromancy                   4
   f - Borgnjor's Vile Clutch         Necromancy/Earth             5
Comestibles
 c - a ration


   Skills:
 - Level 2.4 Dodging
 - Level 2.4 Stealth
 + Level 3.0 Spellcasting
 * Level 4.9 Necromancy


You had 5 spell levels left.
You knew the following spells:

 Your Spells              Type           Power        Failure   Level  Hunger
a - Pain                  Necr           ###.         1%          1    None


Dungeon Overview and Level Annotations

Branches:
Dungeon (1/15)

Altars:


Message History

Welcome, Monsterracer the Deep Elf Necromancer.
Will you be the one to retrieve the fabulous Orb of Zot from the depths?
Press ? for a list of commands and other information.
Found a staircase leading out of the dungeon.
As you open the door, it creaks loudly!
There is an open door here.
d - a small cameo amulet 4 jackals come into view.
The jackal barks! x2
There are monsters nearby!
Put on which piece of jewellery? (? for menu, Esc to quit)
You feel your power drawn to a protective spirit.
d - an amulet of guardian spirit (around neck)
The jackal barely misses you.
You now have 0/6 mp.
The jackal closely misses you.
Drop what? 4/52 slots (_ for help) (? for menu, Esc to quit)
You remove your amulet of guardian spirit.
You drop an uncursed amulet of guardian spirit.
The jackal bites you. x2
You take 3 damage, and have 7/10 hp.
MASSIVE DAMAGE!!
You are too injured to fight recklessly!
You are too injured to fight recklessly!
You hit the jackal.
The jackal is lightly wounded.
The jackal closely misses you.
You hit the jackal but do no damage.
The jackal is lightly wounded.
The jackal barely misses you.
You barely miss the jackal.
The jackal is lightly wounded.
The jackal bites you but does no damage.
The jackal bites you.
You take 1 damage, and have 6/10 hp.
You hit the jackal but do no damage.
The jackal is lightly wounded.
The jackal bites you.
* * * LOW HITPOINT WARNING * * *
You take 2 damage, and have 4/10 hp.
You hit the jackal but do no damage.
The jackal is lightly wounded.
The jackal closely misses you.
You closely miss the jackal. The jackal closely misses you.
You closely miss the jackal. The jackal barely misses you.
You hit the jackal.
The jackal is moderately wounded.
The jackal closely misses you. The jackal barely misses you.
You closely miss the jackal.
The jackal is moderately wounded.
The jackal barely misses you.
You miss the jackal.
The jackal is moderately wounded.
The jackal bites you.
* * * LOW HITPOINT WARNING * * *
The jackal completely misses you.
You take 1 damage, and have 4/10 hp.
Casting: Pain
Confirm with . or Enter, or press ? or * to list all spells.
Aiming: Pain
Press: ? - help, Shift-Dir - straight line, f - jackal
Aim: a jackal (moderately wounded, chance to defeat MR: 91%)
The jackal writhes in agony!
You kill the jackal!
You take 1 damage, and have 3/10 hp.
You now have 0/6 mp.
You closely miss the jackal.
The jackal is lightly wounded.
The jackal closely misses you.
You hit the jackal but do no damage.
The jackal is lightly wounded.
The jackal closely misses you.
The jackal bites you but does no damage.
You barely miss the jackal.
The jackal is lightly wounded.
The jackal misses you.
You closely miss the jackal.
The jackal is lightly wounded.
The jackal barely misses you. The jackal misses you.
You hit the jackal but do no damage.
The jackal is lightly wounded.
The jackal barely misses you.
You closely miss the jackal.
The jackal is lightly wounded.
The jackal barely misses you.
Unknown command.
Casting: Pain
Confirm with . or Enter, or press ? or * to list all spells.
Aiming: Pain
Press: ? - help, Shift-Dir - straight line, f - jackal
Aim: a jackal (lightly wounded, chance to defeat MR: 91%)
The jackal writhes in agony!
The jackal bites you but does no damage.
The jackal bites you.
You die...

...≈8## #+# .8P.'.###
#.# ...≈8...# #.#
..≈≈###.# ##.## .P≈≈#
#.# ##...###### ≈≈≈##
#.# #.........#
≈≈##.##.#######.........
≈##................###.
##....##########@###
##### #h# #h# #h?..hh.#
#.####### #.# #.# #.#
#.#


You could see 3 jackals.

Vanquished Creatures
  A jackal (D:1)
1 creature vanquished.

Notes
Turn   | Place    | Note
-------+----------+-------------------------------------------
     0 | D:1      | Monsterracer the Deep Elf Necromancer began the quest for the Orb.
     0 | D:1      | Reached XP level 1. HP: 10/10 MP: 6/6
    33 | D:1      | HP: 4/10 [jackal (2)]
    39 | D:1      | HP: 4/10 [jackal (1)]
    47 | D:1      | Slain by a jackal

Action                   || total
-------------------------++-------
Melee: Unarmed           ||    16
 Cast: Pain              ||     2
Armor: Robe              ||     3
Dodge: Dodged            ||    18

Vault maps used:
D:1:      lightli_arrival_statuegarden
